 Dungeon Crawl Stone Soup version 0.32-a0-17-gb74e046682 (webtiles) character file.

Game seed: 11889507571744752126

12595 octoduck the Grappler (level 11, -5/142 HPs)
             Began as a Purple Draconian Shapeshifter on Jan 15, 2024.
             Was a Priest of Nemelex Xobeh.
             Slain by a cane toad (13 damage)
             ... on level 1 of the Lair of Beasts.
             The game lasted 00:36:56 (12889 turns).

octoduck the Grappler (DrSh)                       Turns: 12889, Time: 00:36:57

Health: -5/142     AC: 29    Str: 19    XL:     11   Next: 64%
Magic:  11/11      EV:  2    Int: 11    God:    Nemelex Xobeh [***...]
Gold:   661        SH:  0    Dex: 12    Spells: 10/10 levels left

rFire   . .          .
                       - Unarmed
rCold   . . .        (no shield)
rNeg    . . .        (body armour unavailable)
rPois   +            F - melded +2 hat
rElec   .            v - melded +0 cloak
rCorr   .            (gloves currently unavailable)
SInv    .            z - melded +0 pair of boots
Will    +....        (no amulet)
Stlth   +            p - ring of poison resistance
HPRegen 0.43/turn    K - +4 ring of protection
MPRegen 0.12/turn

%: no passive effects
@: lethally poisoned (-5 -> -11), tree-form
A: stationary, stasis, torment immunity, boosted hp, (breathe power), AC +7,
unfitting armour, (cold-blooded)
a: Renounce Religion, Draw Escape, Draw Destruction, Draw Summoning, Triple Draw


You were on level 1 of the Lair of Beasts.
You worshipped Nemelex Xobeh.
Nemelex Xobeh was most pleased with you.
You were a tree.
You visited 3 branches of the dungeon, and saw 13 of its levels.
You also visited: Sewer.

You collected 821 gold pieces.
You spent 160 gold pieces at shops.

Inventory:

Missiles
 m - 43 poisoned darts (quivered)
 t - 5 curare-tipped darts
 E - 3 silver javelins
 I - 2 throwing nets
 J - 7 javelins
Armour
 v - a +0 cloak (melded)
 z - a +0 pair of boots (melded)
 F - a +2 hat (melded)
Jewellery
 p - a ring of poison resistance (left branch)
 s - a +6 ring of intelligence
 u - a ring of willpower
 K - a +4 ring of protection (right branch)
 U - a +5 ring of evasion
Talismans
 b - a beast talisman
 c - a flux talisman (active)
Wands
 D - a wand of digging (15)
 M - a wand of polymorph (5)
 N - a wand of charming (13)
 Q - a wand of roots (7)
Scrolls
 d - 2 scrolls of vulnerability
 e - 3 scrolls of poison
 f - 3 scrolls of noise
 h - 8 scrolls of teleportation
 i - a scroll of fog
 l - a scroll of butterflies
 q - 2 scrolls of immolation
 r - a scroll of amnesia {unknown}
 w - a scroll of brand weapon {unknown}
 x - a scroll of revelation {unknown}
 y - a scroll of silence {unknown}
 A - 2 scrolls of enchant armour {unknown}
 G - a scroll of blinking {unknown}
 O - a scroll of fear {unknown}
 P - a scroll of enchant weapon {unknown}
 S - a scroll of identify
Potions
 a - 4 potions of lignification
 g - 4 potions of ambrosia
 j - 2 potions of resistance
 k - 2 potions of might
 n - 3 potions of cancellation
 o - a potion of magic
 B - 3 potions of invisibility
 C - a potion of haste
 H - a potion of brilliance
 L - 4 potions of heal wounds {unknown}
 R - a potion of enlightenment {unknown}
 T - a potion of curing {unknown}


   Skills:
 + Level 8.6 Fighting
 + Level 7.3 Dodging
 + Level 12.5 Unarmed Combat
 - Level 9.1 Shapeshifting


You had 10 spell levels left.
You didn't know any spells.
Your spell library contained the following spells:

 Spells                   Type           Power      Damage    Failure   Level
 Sting                    Conj/Alch      0%         1d3       34%         1
 Mercury Vapours          Alch/Air       0%         N/A       47%         2
 Olgreb's Toxic Radiance  Alch           0%         N/A       98%         4


Dungeon Overview and Level Annotations

Branches:
Dungeon (10/15)            Temple (1/1) D:7            Lair (2/5) D:10
 Shoals (0/4) Lair:2        Sewer (visited)
  Snake: Lair:2-3    Spider: Lair:2-3       Orc: D:9-12

Altars:
Ashenzari
Cheibriados
Dithmenos
Elyvilon
Fedhas
Gozag
Hepliaklqana
Kikubaaqudgha
Makhleb
Nemelex Xobeh
Okawaru
Qazlal
Ru
Sif Muna
Trog
Uskayaw
Vehumet
Wu Jian
Xom
Yredelemnul
Zin
The Shining One

Shops:
D:2 [   D:3 :   D:6 (

Annotations:
Lair:1 Gastronok


Innate Abilities, Weirdness & Mutations

You are a tree.
Your roots penetrate the ground, keeping you stationary.
You cannot be teleported.
You are immune to unholy pain and torment.
Your maximum health is greatly increased.
Your equipment is partially melded.
((You can breathe bolts of dispelling energy.))
((Your rich purple scales are hard. (AC +7)))
You cannot fit into any form of body armour.
((You are cold-blooded and may be slowed by cold attacks.))


Message History

* * * LOW HITPOINT WARNING * * *
You completely miss the cane toad. You tail-slap the cane toad.
The cane toad is lightly wounded.
You feel sick.
The killer bee stings the plant.
The cane toad stings you!
* * * LOW HITPOINT WARNING * * *
You are lethally poisoned!
The cane toad poisons you!
The killer bee stings the plant.
You hit the cane toad.
The cane toad glows dangerously bright.
The cane toad is lightly wounded.
* * * LOW HITPOINT WARNING * * *
You feel very sick. The cane toad closely misses you.
The killer bee stings the plant!
Your transformation has ended.
You turn into a tree.
Your +0 cloak melds into your body.
Your +2 hat melds into your body.
Your +0 pair of boots melds into your body.
Your roots penetrate the ground.
* * * LOW HITPOINT WARNING * * *
You feel very sick.
The killer bee stings the plant!
The plant is poisoned.
The killer bee poisons the plant!
The cane toad stings you but does no damage.
The killer bee stings the plant!
You barely miss the cane toad.
The cane toad is lightly wounded.
You feel sick.
The killer bee stings the plant.
The cane toad stings you but does no damage.
The killer bee stings the plant.
The plant looks as sick as possible!
The killer bee poisons the plant!
You pummel the cane toad!!
The cane toad is severely wounded.
* * * LOW HITPOINT WARNING * * *
You feel very sick.
The cane toad stings you but does no damage.
The killer bee stings the plant.
You completely miss the cane toad.
The cane toad is severely wounded.
You feel sick.
A nearby plant withers and dies.
The cane toad stings you!
You die...
Your body glows with a rainbow of weird colours and disappears.

# ≈≈≈≈≈~≈ # ≈c≈≈~#≈ # .._..#
# # ### . ..## ### #### ...
...###########.####..##.....
..P##.#.........♣Fy.........
..'.....P##.####.#.#.##.....
..##.#.###### ####### ...
..###### # ..# ..## #..#
####


You could see a cane toad (contam) and a killer bee.

Vanquished Creatures
  A boulder beetle (D:8)
  Erica (Lair:1)
  A black mamba (Lair:1)
  2 cane toads (Lair:1)
  2 komodo dragons (Lair:1)
  A troll (D:10)
  Grinder (D:6)
  A blink frog (D:7)
  A shadow (D:10)
  A wyvern (D:10)
  A vampire (D:5)
  15 yaks
  A wraith (D:9)
  4 vampire mosquitoes (D:10)
  8 water moccasins
  2 ice beasts
  4 orc warriors
  A sky beast (D:8)
  2 black bears
  An ogre (D:6)
  8 centaurs
  6 wolves (Lair:1)
  6 kobold brigands
  3 bullfrogs
  2 brain worms (Sewer)
  3 scorpions
  9 wights (D:8)
  8 killer bees
  3 howler monkeys
  2 hounds
  4 jellies
  4 bombardier beetles
  10 orc priests
  Jessica (D:2)
  2 sleepcaps
  4 iguanas
  13 orc wizards
  11 gnolls
  10 adders
  A river rat (Sewer)
  A shadow imp (D:7)
  2 white imps
  4 ufetubi (D:5)
  2 ribbon worms
  2 dart slugs (D:1)
  39 orcs
  8 endoplasms
  8 giant cockroaches
  8 goblins
  6 hobgoblins
  3 quokkas
  5 ball pythons
  4 bats
  3 frilled lizards
  21 kobolds
  9 rats
286 creatures vanquished.

Vanquished Creatures (others)
  A human (D:5)
1 creature vanquished.

Grand Total: 287 creatures vanquished

Notes
Turn   | Place    | Note
-------+----------+-------------------------------------------
     0 | D:1      | octoduck the Draconian Shapeshifter began the quest for the
                  | Orb.
     0 | D:1      | Reached XP level 1. HP: 16/16 MP: 1/1
   112 | D:1      | Reached XP level 2. HP: 23/23 MP: 2/2
   424 | D:2      | Reached XP level 3. HP: 28/28 MP: 3/3
   517 | D:2      | Found Paenuem's Armour Emporium.
   637 | D:2      | Noticed Jessica
   643 | D:2      | Killed Jessica
   644 | D:2      | Reached skill level 4 in Unarmed Combat
   644 | D:2      | Reached XP level 4. HP: 33/35 MP: 4/4
  1178 | D:3      | Found a sparkling altar of Nemelex Xobeh.
  1213 | D:3      | Became a worshipper of Nemelex Xobeh the Trickster
  1307 | D:3      | Reached XP level 5. HP: 17/40 MP: 5/5
  1891 | D:3      | Reached skill level 5 in Unarmed Combat
  2182 | D:3      | Found Gucku's Vocational Training.
  2363 | D:4      | Reached XP level 6. HP: 47/47 MP: 6/6
  2439 | D:4      | Found a hide-covered altar of Uskayaw.
  2462 | D:4      | Reached skill level 5 in Shapeshifting
  2685 | D:4      | Reached * piety under Nemelex Xobeh
  3311 | D:5      | Entered Level 5 of the Dungeon
  3311 | D:5      | Noticed a vampire
  3559 | D:5      | Reached skill level 6 in Unarmed Combat
  3559 | D:5      | Your scales start taking on a rich purple colour.
  3559 | D:5      | Reached XP level 7. HP: 52/52 MP: 7/7
  3582 | D:5      | Found a broken altar of Ashenzari.
  3640 | D:6      | Noticed Grinder
  3660 | D:6      | Found a glowing drain.
  3665 | Sewer    | Entered a sewer
  4040 | Sewer    | Received a gift from Nemelex Xobeh
  4295 | Sewer    | Reached skill level 7 in Unarmed Combat
  4464 | Sewer    | Reached XP level 8. HP: 37/59 MP: 8/8
  5324 | D:6      | Killed Grinder
  5325 | D:6      | Reached skill level 8 in Unarmed Combat
  5923 | D:2      | Bought a +2 hat for 160 gold pieces
  6042 | D:5      | Reached XP level 9. HP: 64/64 MP: 9/9
  6080 | D:5      | Reached skill level 9 in Unarmed Combat
  6334 | D:5      | Found a sacrificial altar of Ru.
  6465 | D:5      | Found an ancient bone altar of Kikubaaqudgha.
  6507 | D:5      | Identified the +2 robe of Eternal Vigilance {rC+}
  7509 | D:6      | Found Utwugei's Firing Range.
  8035 | D:7      | Reached ** piety under Nemelex Xobeh
  8070 | D:7      | Found an ornate altar of the Wu Jian Council.
  8125 | D:7      | Found a staircase to the Ecumenical Temple.
  8132 | Temple   | Entered the Ecumenical Temple
  8295 | D:7      | Reached skill level 10 in Unarmed Combat
  8531 | D:8      | Noticed Maurice
  8534 | D:7      | Maurice changed into Maurice the blink frog
  8534 | D:7      | Noticed Maurice
  8538 | D:7      | Killed Maurice the blink frog
  8594 | D:8      | Noticed Maggie
  8603 | D:8      | Maggie changed into Maggie the water moccasin
  8603 | D:8      | Noticed Maggie
  8612 | D:8      | Killed Maggie the water moccasin
  8782 | D:8      | Reached XP level 10. HP: 68/78 MP: 10/10
  9042 | D:8      | Noticed a boulder beetle
  9090 | D:8      | Killed a boulder beetle
  9091 | D:8      | Reached skill level 5 in Fighting
  9091 | D:8      | Reached skill level 11 in Unarmed Combat
  9311 | D:8      | Found a stormy altar of Qazlal.
  9462 | D:8      | Reached skill level 5 in Dodging
  9673 | D:8      | Found a shimmering blue altar of Sif Muna.
  9946 | D:9      | Found a shadowy altar of Dithmenos.
  9946 | D:9      | Found a white marble altar of Elyvilon.
 10395 | D:9      | Found a basalt altar of Yredelemnul.
 10569 | D:9      | Found a snail-covered altar of Cheibriados.
 10603 | D:9      | Found a glowing silver altar of Zin.
 10741 | D:9      | Received a gift from Nemelex Xobeh
 10769 | D:10     | Entered Level 10 of the Dungeon
 10828 | D:10     | Reached XP level 11. HP: 72/91 MP: 11/11
 11138 | D:10     | Reached *** piety under Nemelex Xobeh
 11256 | D:10     | Found a staircase to the Lair.
 11764 | Lair:1   | Entered Level 1 of the Lair of Beasts
 11816 | Lair:1   | Reached skill level 12 in Unarmed Combat
 12016 | Lair:1   | Noticed Gastronok
 12052 | Lair:1   | HP: 4/94 [poisoned by a black mamba]
 12513 | Lair:2   | Found a staircase to the Shoals.
 12513 | Lair:2   | Noticed a five-headed hydra
 12639 | Lair:1   | Found an iron altar of Okawaru.
 12743 | Lair:1   | Noticed Erica
 12760 | Lair:1   | Killed Erica
 12889 | Lair:1   | Slain by a cane toad

Illustrated notes

Levels and vault maps discovered:
D:1:      eino_arrival_water_star, layout_rooms
D:2:      layout_loops_cross, serial_shops, nicolae_shop_hallway_plus,
          uniq_jessica
D:3:      minmay_door_path, layout_basic, lemuel_doored_altar,
          hangedman_decor_riveting, serial_bayou_pond_d, nicolae_shop_vocational
D:4:      layout_basic, nicolae_uskayaw_murder_on_the_dancefloor
D:5:      corexii_shack_village, layout_loops_cross, tgw_kikubaaqudgha,
          amcnicky_altar_gilded, general_overflow_altar,
          kennysheep_decorative_pillar, grunt_ministairs_15
D:6:      kennysheep_spiral_hall, layout_basic, gup_sewer_entry_bowl,
          nicolae_shop_firing_range, uniq_grinder
D:7:      layout_loops_ring, mainiacjoe_overflow_boulevard, temple_fountains,
          small_statue_intersection
D:8:      layout_basic, grunt_qazlal_clouds, led_sif_pool, uniq_maggie,
          uniq_maurice
D:9:      layout_cave_pools, grunt_temple_overflow_open,
          mainiacjoe_overflow_24_doors, mainiacjoe_overflow_divided_tiny
D:10:     layout_irregular_city, lair_entry_dummy, serial_rivers,
          chequers_serial_rivers_room_b, chequers_serial_rivers_large_a,
          chequers_serial_rivers_large_b, chequers_serial_rivers_room_b,
          chequers_serial_rivers_micro_a, chequers_serial_rivers_micro_e
Temple:   nicolae_temple_ecumenical_triangle
Lair:1:   layout_roguey [special_room_bee], chequers_serial_rivers_micro_c,
          lemuel_centaur_altar, uniq_gastronok, uniq_erica
Lair:2:   layout_regular_city, elwin_shoals_entry_stream,
          spider_nest_entry_rubble, infiniplex_staircase_pool_2

Skill      XL: |  1  2  3  4  5  6  7  8  9 10 11 |
---------------+----------------------------------+-----
Unarmed Combat | 4 5 6 7 8 10 11 12 | 12.5
Shapeshifting  | 4 5 6 8 9 |  9.1
Dodging        | 3 5 7 |  7.3
Fighting       | 3 6 8 |  8.6

Action                     |  1- 3 |  4- 6 |  7- 9 | 10-12 || total
---------------------------+-------+-------+-------+-------++-------
  Melee: Unarmed           |    59 |   161 |   516 |   433 ||  1169
         Tailslap          |     7 |    26 |    82 |    80 ||   195
         Punch             |     1 |     5 |       |       ||     6
Ability: Breathe Dispellin |       |       |     6 |     1 ||     7
  Evoke: Wand              |       |       |     3 |     1 ||     4
    Use: Scroll            |       |     6 |     7 |     2 ||    15
         Potion            |       |     1 |       |     1 ||     2
   Stab: Sleeping          |       |     3 |       |       ||     3
 Armour: Skin              |    23 |    93 |   196 |   207 ||   519
  Dodge: Dodged            |    32 |    79 |   325 |   359 ||   795
   Form: Flux              |       |       |     1 |       ||     1

Table legend: (Time is in decaauts)
 A = Elapsed time spent in this place.
 B = Non-inter-level travel time spent in this place.
 C = Inter-level travel time spent in this place.
 D = Time resting spent in this place.
 E = Time spent auto-exploring this place.
 F = Levels seen in this place.
 G = Mean time per level.
                   A        B        C        D        E       F      G
               +--------+--------+--------+--------+--------+-----+--------+
         Total |  12936 |  11753 |   1183 |   2583 |   5994 |  14 |  924.0 |
       Dungeon |  10566 |   9475 |   1091 |   1787 |   5174 |  10 | 1056.6 |
        Temple |      1 |      1 |      0 |      0 |      0 |   1 |    1.0 |
          Lair |   1093 |   1001 |     92 |    445 |    247 |   2 |  546.5 |
         Sewer |   1275 |   1275 |      0 |    350 |    573 |   1 | 1275.0 |
               +--------+--------+--------+--------+--------+-----+--------+

Top non-repeatable levels by time:
     D:6: 1535 daAuts
     D:5: 1478 daAuts
     D:8: 1421 daAuts
     D:3: 1411 daAuts
   Sewer: 1275 daAuts
    D:10: 1016 daAuts
     D:4: 967 daAuts
  Lair:1: 900 daAuts
     D:7: 888 daAuts
     D:9: 730 daAuts
     D:2: 727 daAuts
     D:1: 390 daAuts
  Lair:2: 193 daAuts
  Temple: 1 daAuts
